 Dungeon Crawl Stone Soup version 0.17.1-3-g152610e (webtiles) character file.

177 grizfap the Shield-Bearer (level 5, -3/47 HPs)
             Began as a Minotaur Fighter on Apr 22, 2016.
             Slain by an ogre
             ... wielding a +0 giant club
              (7 damage)
             ... on level 3 of the Dungeon.
             The game lasted 00:08:01 (2639 turns).

grizfap the Shield-Bearer (Minotaur Fighter)        Turns: 2639, Time: 00:08:01

Health: -3/47      AC: 13    Str: 22    XL:     5   Next: 31%
Magic:  4/4        EV:  8    Int:  5    God:
Gold:   29         SH: 10    Dex:  9    Spells: 0 memorised, 4 levels left

rFire  . . .     SeeInvis .     a - +0 flail
rCold  . . .     Clarity  .     v - +0 plate armour
rNeg   . . .     SustAt   .     c - +0 shield
rPois  .         Gourm    .     (helmet restricted)
rElec  .         Spirit   .     (no cloak)
rCorr  .         Warding  .     j - +0 pair of gloves
rMut   .         Stasis   .     (no boots)
MR     .....                    (no amulet)
Stlth  ..........               (no ring)
                                m - +4 ring of evasion

@: not resistant to hostile enchantments, extremely unstealthy
A: retaliatory headbutt, horns 2
a: no special abilities


You were on level 3 of the Dungeon.
You were not hungry.

You visited 1 branch of the dungeon, and saw 3 of its levels.

You collected 29 gold pieces.

Inventory:

Hand Weapons
 a - a +0 flail (weapon)
Missiles
 w - 6 tomahawks (quivered)
Armour
 c - a +0 shield (worn)
 i - a +0 scale mail
 j - a +0 pair of gloves (worn)
 v - a +0 plate armour (worn)
Jewellery
 h - an uncursed amulet of faith
 m - a +4 ring of evasion (left hand)
Wands
 n - a wand of confusion (11)
 q - a wand of slowing (23)
Scrolls
 f - 2 scrolls of identify {unknown}
 k - 2 scrolls of teleportation {unknown}
 r - a scroll of noise {unknown}
 u - a scroll of enchant weapon {unknown}
Potions
 b - a potion of lignification {unknown}
 d - a potion of might
 l - a potion of agility {unknown}
 o - a potion of heal wounds {unknown}
 p - 2 potions of ambrosia {unknown}
 s - 3 potions of magic {unknown}
 t - a potion of haste
Comestibles
 e - 2 bread rations
 g - 2 meat rations


   Skills:
 + Level 4.3 Fighting
 + Level 3.3 Maces & Flails
 + Level 0.2 Throwing
 + Level 4.8 Armour
 + Level 0.7 Dodging
 + Level 0.1 Stealth
 + Level 5.3 Shields


You had 4 spell levels left.
You didn't know any spells.

Dungeon Overview and Level Annotations

Branches:
Dungeon (3/15)

Altars:
Dithmenos
Yredelemnul


Innate Abilities, Weirdness & Mutations

You reflexively headbutt those who attack you in melee.
You have a pair of horns on your head.


Message History

You continue eating. x2
An ogre comes into view. It is wielding a giant club.
You see here a club.
You block the ogre's attack.
Your shield and plate armour prevent you from hitting the ogre.
The ogre hits you with a giant club!
You sock the ogre!
The ogre is heavily wounded.
The ogre hits you with a giant club!
You thump the ogre!
The ogre is severely wounded.
You block the ogre's attack.
You hit the ogre.
The ogre is almost dead.
The ogre hits you with a giant club!!
* * * LOW HITPOINT WARNING * * *
You hit the ogre.
The ogre is almost dead.
The ogre hits you with a giant club!
You die...

PPPP.PP..P............[.....)#.##
♣♣♣...♣♣♣..P♣♣♣...♣♣♣....#.#%....
♣ ♣P.P♣ ♣P..♣ ♣...♣ ♣P.(.#.#.#.##
♣♣♣...♣♣♣P..♣♣♣...♣♣♣......#.#.#.
..P..PPP..[..PPP.P.P.P.#####.#.#.
...)....................<. ..#.#.
..P..P.P....P.PP..P.P...## ###[#.
♣♣♣..P♣♣♣...♣♣♣.O.♣♣♣...# #.#. ♣
♣P.P♣ ... ♣.@P♣ ..## #.## ♣♣♣[.P♣
...♣♣♣.)P♣♣♣..# P[......
...P.PP...PP..#
.......................#
.P.P....P..P.P....PP...# ♣♣♣P..
..P♣♣♣...♣♣♣..# ♣ P.. ..P ♣P.P♣
P..# ♣ .. .. ♣..P♣ ....


PP.. .....P ..### You could see an ogre.

Vanquished Creatures
  An orc priest (D:3)
  Terence (D:2)
  Natasha (thrice) (D:2)
  3 adders (D:2)
  An ooze (D:3)
  2 giant geckos (D:2)
  4 orcs (D:3)
  4 giant cockroaches
  8 hobgoblins
  6 jackals (D:2)
  7 kobolds
  5 bats
  3 giant newts
  5 goblins
  A quokka (D:2)
  6 rats (D:2)
60 creatures vanquished.

Vanquished Creatures (others)
  A plant (D:3)
1 creature vanquished.

Grand Total: 61 creatures vanquished

Notes
Turn   | Place    | Note
--------------------------------------------------------------
     0 | D:1      | grizfap the Minotaur Fighter began the quest for the Orb.
     0 | D:1      | Reached XP level 1. HP: 19/19 MP: 0/0
   383 | D:1      | Reached XP level 2. HP: 27/27 MP: 1/1
   436 | D:1      | Found a basalt altar of Yredelemnul.
   983 | D:2      | Noticed Natasha
   990 | D:2      | Killed Natasha
   990 | D:2      | Reached skill level 4 in Armour
   990 | D:2      | Reached XP level 3. HP: 24/33 MP: 2/2
  1154 | D:2      | Noticed Natasha
  1158 | D:2      | Killed Natasha
  1386 | D:2      | Found a shadowy altar of Dithmenos.
  1390 | D:2      | Noticed Natasha
  1396 | D:2      | Killed Natasha
  1443 | D:2      | Reached XP level 4. HP: 29/40 MP: 3/3
  1502 | D:2      | Noticed Terence
  1522 | D:2      | Killed Terence
  1783 | D:2      | Reached skill level 5 in Shields
  2230 | D:3      | Reached XP level 5. HP: 43/46 MP: 4/4
  2629 | D:3      | Noticed an ogre
  2639 | D:3      | Slain by an ogre

Action                   |  1- 3 |  4- 6 || total
-------------------------+-------+-------++-------
Melee: Flail             |    59 |    79 ||   138
Throw: Tomahawk          |       |     3 ||     3
  Eat: Chunk             |     2 |     4 ||     6
